 Dungeon Crawl Stone Soup version 0.23-a0-143-g1adec7b (webtiles) character file.

501 Amnesiac the Vandal (level 6, -1/43 HPs)
             Began as a Mummy Ice Elementalist on Sept 7, 2018.
             Was an Initiate of Okawaru.
             Slain by a worker ant (3 damage)
             ... on level 5 of the Dungeon.
             The game lasted 00:09:55 (4589 turns).

Amnesiac the Vandal (Mummy Ice Elementalist)        Turns: 4589, Time: 00:09:55

Health: -1/43      AC:  9    Str: 14      XL:     6   Next: 95%
Magic:  2/10       EV:  8    Int: 14      God:    Okawaru [......]
Gold:   120        SH:  7    Dex: 11 (12) Spells: 7/11 levels left

rFire    x . .     SeeInvis .   a - +1 hunting sling
rCold    + . .     Gourm    .   k - +0 shield
rNeg     + + +     Faith    .   l - +0 ring mail
rPois    ∞         Spirit   .   g - +0 helmet
rElec    .         Reflect  .   m - +2 cloak {rPois}
rCorr    .         Harm     .   (no gloves)
MR       .....                  (no boots)
Stlth    ++........             (no amulet)
HPRegen  0.14/turn              i - ring of flight
MPRegen  0.12/turn              j - ring of stealth

@: slightly contaminated
A: no food or potions, fire vulnerability, cold resistance 1, negative energy
resistance 3, torment resistance, unbreathing
a: Renounce Religion, Evoke Flight


You were on level 5 of the Dungeon.
You worshipped Okawaru.
Okawaru was noncommittal.
You were not hungry.

You visited 2 branches of the dungeon, and saw 6 of its levels.

You collected 120 gold pieces.

Inventory:

Hand Weapons
 a - a +1 hunting sling (weapon)
 b - a +1 dagger of protection
 n - a +4 quarterstaff of chaos
 o - a +0 blowgun
Missiles
 f - 108 stones (quivered)
 p - 8 poisoned needles
Armour
 g - a +0 helmet (worn)
 k - a +0 shield (worn)
 l - a +0 ring mail (worn)
 m - a +2 cloak of poison resistance (worn)
Jewellery
 i - a ring of flight (left hand)
 j - a ring of stealth (right hand)
Scrolls
 c - a scroll of amnesia {!r}
 d - a scroll of remove curse {!r}
 e - a scroll of noise {!r}
 q - a scroll of fog {!r}
 r - a scroll of magic mapping {!r}


   Skills:
 - Level 1.0 Fighting
 * Level 5.3 Slings
 - Level 1.5 Dodging
 - Level 1.5 Stealth
 + Level 0.8 Shields
 - Level 3.0 Spellcasting
   Level 0.7 Conjurations
 - Level 3.0 Ice Magic
 + Level 0.0 Invocations


You had 7 spell levels left.
You knew the following spells:

 Your Spells              Type           Power        Failure   Level  Hunger
a - Freeze                Ice            ##..         63%         1    N/A
z - Ozocubu's Armour      Chrm/Ice       #.......     99%         3    N/A

Your spell library contained the following spells:

 Spells                   Type           Power        Failure   Level  Hunger
 Throw Frost              Conj/Ice       #.....       89%         2    N/A
 Summon Ice Beast         Ice/Summ       #.......     100%        4    N/A
 Throw Icicle             Conj/Ice       #.......     100%        4    N/A

Dungeon Overview and Level Annotations

Branches:
Dungeon (5/15)             Temple (1/1) D:4

Altars:
Dithmenos
Makhleb
Nemelex Xobeh
Okawaru
Qazlal
Trog
Vehumet
Zin

Annotations:
D:4 1 runed door, Pikel


Innate Abilities, Weirdness & Mutations

You do not eat or drink.
Your flesh is vulnerable to fire.
You are immune to poison.
Your flesh is cold resistant. (rC+)
You are immune to negative energy. (rN+++)
You are immune to unholy pain and torment.
You can survive without breathing.


Message History

The sling bullet closely misses the worker ant.
The sling bullet barely misses the frilled lizard.
The sling bullet barely misses the ogre.
The worker ant closely misses you.
The worker ant bites you but does no damage.
Firing (i - inventory. (/) - cycle)
h - 3 sling bullets (quivered)
Press: ? - help, Shift-Dir - straight line, f/p - worker ant
Aim: a worker ant (lightly wounded)
You shoot a sling bullet.
The sling bullet closely misses the worker ant.
The sling bullet hits the frilled lizard!
You kill the frilled lizard!
Okawaru accepts your kill. The worker ant bites you.
* * * LOW HITPOINT WARNING * * *
Firing (i - inventory. (/) - cycle)
h - 2 sling bullets (quivered)
Press: ? - help, Shift-Dir - straight line, f/p - worker ant
Aim: a worker ant (lightly wounded)
You shoot a sling bullet.
The sling bullet barely misses the worker ant.
The sling bullet closely misses the ice beast.
The sling bullet hits the ogre!
The ogre is moderately wounded.
You block the worker ant's attack.
Firing (i - inventory. (/) - cycle)
h - a sling bullet (quivered)
Press: ? - help, Shift-Dir - straight line, f/p - worker ant
Aim: a worker ant (lightly wounded)
You shoot a sling bullet.
The sling bullet hits the worker ant but does no damage.
The worker ant is lightly wounded.
The worker ant bites you.
* * * LOW HITPOINT WARNING * * *
Firing (i - inventory)
f - 110 stones (quivered)
Press: ? - help, Shift-Dir - straight line, f/p - worker ant
Aim: a worker ant (lightly wounded)
You shoot a stone. The stone barely misses the worker ant.
The stone hits the ice beast!
The ice beast is moderately wounded.
The worker ant bites you.
* * * LOW HITPOINT WARNING * * *
You are too injured to fight recklessly!
You are too injured to fight recklessly!
Firing (i - inventory)
f - 109 stones (quivered)
Press: ? - help, Shift-Dir - straight line, f/p - worker ant
Aim: a worker ant (lightly wounded)
You shoot a stone. The stone barely misses the worker ant.
The stone hits the ice beast!
The ice beast is heavily wounded.
The worker ant bites you!
* * * LOW HITPOINT WARNING * * *
The worker ant bites you.
* * * LOW HITPOINT WARNING * * *
Your body shudders with the violent release of wild energies!
Your body decomposes!
You feel clumsy.
You feel less contaminated with magical energies.
Really read
s - a scroll of identify {!r}?
As you read the scroll of identify {!r}, it crumbles to dust.
r - a scroll of magic mapping {!r} The worker ant barely misses you.
Okay, then.
Found 14 gold pieces.
The worker ant bites you.
You die...

##+#### ....... . .......
#. ######## ##......
####.##......###....####
......?..(..((Y(...?.....
........#.#...###.######
..........#...###a######
>.....>.........@$...$..#
..............###.#####..
.........##...# #.#
...........#..# #..
........##.#..######
....................
##########..........
#..........
#....#.....).[


You could see a worker ant.

Vanquished Creatures
  2 ogres (D:4)
  A crimson imp (D:4)
  Crazy Yiuf (D:2)
  A worker ant (D:4)
  Robin (D:2)
  7 adders
  8 gnolls
  An ooze (D:2)
  3 worms (D:2)
  2 dart slugs
  2 leopard geckos
  2 orcs (D:4)
  2 ball pythons (D:3)
  7 bats
  2 giant cockroaches
  12 goblins
  14 hobgoblins
  6 jackals (D:3)
  3 quokkas
  7 frilled lizards
  6 kobolds
  6 rats
96 creatures vanquished.

Notes
Turn   | Place    | Note
-------+----------+-------------------------------------------
     0 | D:1      | Amnesiac the Mummy Ice Elementalist began the quest for the
                  | Orb.
     0 | D:1      | Reached XP level 1. HP: 13/13 MP: 4/4
   425 | D:1      | Reached skill level 1 in Slings
   428 | D:1      | Reached XP level 2. HP: 19/19 MP: 5/5
  1003 | D:2      | Reached XP level 3. HP: 16/24 MP: 0/7
  1137 | D:2      | Reached skill level 2 in Slings
  1147 | D:2      | Found a sparkling altar of Nemelex Xobeh.
  1163 | D:2      | Reached XP level 4. HP: 4/30 MP: 0/8
  1218 | D:1      | Learned a level 3 spell: Ozocubu's Armour
  1554 | D:2      | Noticed Robin
  1566 | D:2      | Killed Robin
  1611 | D:2      | Reached skill level 3 in Slings
  2025 | D:2      | Reached XP level 5. HP: 31/35 MP: 9/9
  2434 | D:2      | Found a runed door.
  2472 | D:2      | Noticed Crazy Yiuf
  2485 | D:2      | Killed Crazy Yiuf
  2771 | D:3      | Reached skill level 1 in Fighting
  2790 | D:3      | Reached skill level 4 in Slings
  2814 | D:3      | Found a stormy altar of Qazlal.
  3532 | D:4      | Found a glowing silver altar of Zin.
  3534 | D:4      | Noticed an ogre
  3547 | D:4      | Killed an ogre
  3547 | D:4      | Reached XP level 6. HP: 43/43 MP: 8/10
  3615 | D:4      | Found a bloodstained altar of Trog.
  3662 | D:4      | Found a runed door.
  3679 | D:4      | Noticed a slave
  3679 | D:4      | Noticed a slave
  3681 | D:4      | Noticed Pikel
  3695 | D:4      | Noticed a slave
  3696 | D:4      | Noticed a slave
  3704 | D:4      | HP: 2/43 [Pikel/whip of flaming (4)]
  4033 | D:4      | Reached skill level 5 in Slings
  4322 | D:4      | Found a staircase to the Ecumenical Temple.
  4403 | Temple   | Entered the Ecumenical Temple
  4426 | Temple   | Became a worshipper of Warmaster Okawaru
  4545 | D:5      | Entered Level 5 of the Dungeon
  4545 | D:5      | Noticed an ice beast
  4585 | D:5      | HP: 2/43 [worker ant (1)]
  4589 | D:5      | Slain by a worker ant

Vault maps used:
D:1:      minmay_arrival_doors
D:2:      old_standard_altar, first_ration, uniq_robin, uniq_crazy_yiuf_cottage
D:3:      nicolae_qazlal_eye_of_the_storm
D:4:      minitemple, minmay_temple_entry_poolview, ebering_ghost_sewer_d,
          uniq_pikel
D:5:      lemuel_ice_spiral_2, overflow_temple_1_default, tgw_trog,
          uniq_prince_ribbit1
Temple:   regret_index_temple_sphere_string

Skill      XL: |  1  2  3  4  5  6 |
---------------+-------------------+-----
Slings         | 1 2 3 4 5 |  5.3
Spellcasting   | 3 |  3.0
Ice Magic      | 3 |  3.0
Fighting       | 1 |  1.0
Dodging        | |  1.5
Stealth        | |  1.5
Shields        | |  0.8
Conjurations   | |  0.7

Action                   |  1- 3 |  4- 6 || total
-------------------------+-------+-------++-------
 Fire: Hunting sling     |    55 |   184 ||   239
 Cast: Freeze            |    25 |    65 ||    90
  Use: Scroll            |       |     7 ||     7
Armor: Robe              |     8 |     7 ||    15
       Ring mail         |       |    37 ||    37
Dodge: Dodged            |    15 |    61 ||    76
Block: Shield            |       |    13 ||    13

Table legend:
 A = Non-vault XP
 B = Vault XP
 C = Vault XP percentage of total XP
 D = Non-vault monster count
 E = Vault monster count
 F = Vault count percentage of total count
                 A         B        C        D         E       F
            +---------+---------+-------+---------+---------+-------
      Total |     642 |      74 |  10.3 |      83 |      13 |  13.5
            +---------+---------+-------+---------+---------+-------
        D:1 |      27 |       0 |   0.0 |      16 |       0 |   0.0
        D:2 |     144 |      74 |  33.9 |      28 |      13 |  31.7
        D:3 |     122 |       0 |   0.0 |      26 |       0 |   0.0
        D:4 |     333 |       0 |   0.0 |      10 |       0 |   0.0
        D:5 |      16 |       0 |   0.0 |       3 |       0 |   0.0
            +---------+---------+-------+---------+---------+-------
